 Dungeon Crawl Stone Soup version 0.31.0-11-ge490571c62 (webtiles) character file.

Game seed: 3111283744594885429

116018 Pooter the Severer (level 16, -14/226 HPs)
             Began as a Minotaur Berserker on Jan 26, 2024.
             Was an Elder of Trog.
             Demolished by a stone giant simulacrum (17 damage)
             ... on level 14 of the Dungeon.
             The game lasted 02:12:06 (30416 turns).

Pooter the Severer (Minotaur Berserker)            Turns: 30416, Time: 02:12:07

Health: -14/226    AC: 22    Str: 24    XL:     16   Next: 20%
Magic:  15/15      EV:  8    Int:  6    God:    Trog [****..]
Gold:   86         SH: 18    Dex: 14    Spells: 15/15 levels left

rFire   . . .        a - +5 broad axe
rCold   + . .        C - +0 tower shield
rNeg    . . .        r - +1 chain mail "Titayger" {SInv}
rPois   .            W - +2 hat
rElec   .            B - +1 cloak {Stlth+}
rCorr   .            k - +2 pair of gloves
SInv    +            V - +0 pair of boots {Fly}
Will    +++..        (no amulet) Stlth
                     e - +4 ring of protection
HPRegen 1.57/turn    I - ring of protection from cold
MPRegen 0.14/turn

%: no passive effects
@: mighty, berserking, strong-willed, attractive, flying, regenerating, very
quick
A: horns 2, retaliatory headbutt
a: Renounce Religion, Berserk, Trog's Hand, Brothers in Arms


You were on level 14 of the Dungeon.
You worshipped Trog.
Trog was greatly pleased with you.
You visited 3 branches of the dungeon, and saw 22 of its levels.
You also visited: Ice Cave.

You collected 2626 gold pieces.
You spent 2540 gold pieces at shops.

Inventory:

Hand Weapons
 a - a +5 broad axe (weapon)
   (You found it on level 2 of the Dungeon)
 b - the +7 hand cannon "Mule" {flame, backblast, rF+}
   (You acquired it on level 14 of the Dungeon)

   rF+:       It protects you from fire.
 m - a +2 heavy dire flail
   (You took it off an orc warrior on level 1 of the Orcish Mines)
 n - a +1 morningstar of holy wrath
   (You found it on level 5 of the Lair of Beasts)
 G - a +4 trident of draining
   (You took it off Jeremiah on level 8 of the Dungeon)
 R - a +0 arbalest of freezing
   (You took it off a kobold blastminer on level 1 of the Orcish Mines)
 Z - the +1 broad axe of Revolt {freeze, rC+}
   (You found it on level 13 of the Dungeon)

   rC+:       It protects you from cold.
Missiles
 j - 9 boomerangs (quivered)
 p - 8 atropa-tipped darts
 v - 36 poisoned darts
Armour
 k - a +2 pair of gloves (worn)
   (You found it on level 2 of the Dungeon)
 r - the +1 chain mail "Titayger" (worn) {SInv}
   (You found it on level 8 of the Dungeon)

   SInv:      It lets you see invisible.
 s - a +2 chain mail of poison resistance
   (You took it off an orc warlord on level 1 of the Orcish Mines)
 B - a +1 cloak of stealth (worn)
   (You took it off Maurice on level 8 of the Dungeon)
 C - a +0 tower shield (worn)
   (You bought it in a shop on level 6 of the Dungeon)
 D - a +0 crystal plate armour of cold resistance
   (You found it in an ice cave)
 E - a scarf of harm
   (You found it on level 7 of the Dungeon)
 T - a +1 plate armour of cold resistance
   (You bought it in a shop on level 2 of the Orcish Mines)
 V - a +0 pair of boots of flying (worn)
   (You found it in an ice cave)
 W - a +2 hat (worn)
   (You took it off Gastronok on level 12 of the Dungeon)
Jewellery
 e - a +4 ring of protection (left hand)
   (You found it on level 1 of the Dungeon)
 I - a ring of protection from cold (right hand)
   (You found it on level 8 of the Dungeon)
Wands
 d - a wand of polymorph (9)
   (You found it on level 5 of the Dungeon)
 f - a wand of flame (48)
   (You found it on level 5 of the Dungeon)
 u - a wand of paralysis (13)
   (You found it on level 2 of the Dungeon)
 F - a wand of roots (20)
   (You took it off Maurice on level 8 of the Dungeon)
 H - a wand of mindburst (14)
   (You found it on level 9 of the Dungeon)
 O - a wand of light (4)
   (You found it on level 11 of the Dungeon)
Scrolls
 c - a scroll of fear
 i - 8 scrolls of identify {@r1}
 o - 6 scrolls of vulnerability {!r}
 q - 2 scrolls of summoning
 t - 3 scrolls of teleportation {@r4}
 x - 2 scrolls of immolation {!r}
 y - 2 scrolls of fog
 M - 2 scrolls of poison {!r}
 Q - a scroll of blinking
 X - 2 scrolls of revelation
Potions
 g - 4 potions of cancellation
 h - 6 potions of might
 l - 2 potions of lignification {!q}
 w - 4 potions of heal wounds {@q2}
 z - 3 potions of resistance
 A - 9 potions of curing {@q1}
 J - 3 potions of invisibility
 K - 2 potions of enlightenment
 L - 2 potions of mutation {!q}
 P - 2 potions of attraction {!q}
 S - 2 potions of haste {@q3}
 Y - a potion of ambrosia
Miscellaneous
 N - a lightning rod (4/4) {!a}
   (You found it on level 5 of the Lair of Beasts)
 U - a phial of floods
   (You found it in an ice cave)


   Skills:
 + Level 16.2 Fighting
 + Level 18.7 Axes
 + Level 14.8 Ranged Weapons
 - Level 2.4 Armour
 - Level 2.1 Dodging
 + Level 9.2 Stealth
 + Level 14.3 Shields
 - Level 5.9 Evocations


You had 15 spell levels left.
You didn't know any spells.
Your spell library was empty.

Dungeon Overview and Level Annotations

Branches:
Dungeon (15/15) Zot: 24020  Temple (0/1) D:7            Lair (5/5) D:8 Zot: 21041
  Swamp (0/4) Lair:3        Snake (0/4) Lair:3        Slime (0/5) Lair:5
    Orc (2/2) D:11 Zot: 8827     Elf (0/3) Orc:2        Vaults (0/5) D:13
 Depths (0/4) D:15          IceCv (visited)

Altars:
Dithmenos
Fedhas
Hepliaklqana
Kikubaaqudgha
Makhleb
Okawaru
Qazlal
Ru
Sif Muna
Vehumet
Yredelemnul
Jiyva
Lugonu

Shops:
D:2 =   D:6 *   D:8 *   D:14 ?   Orc:2 [[!?

Portals:
Abyss: Lair:5

Annotations:
D:14 1 transporter, Waoni's ghost, journeyman OnBe


Innate Abilities, Weirdness & Mutations

You have a pair of horns on your head.
You reflexively headbutt those who attack you in melee.


Message History

The stone giant simulacrum hits you but does no damage.
The death knight hits you with a +4 great sword!!
You block the shadow wraith's attack. You block Waoni's ghost's attack.
You block the shadow dragon simulacrum's attack.
The shadow dragon simulacrum claws you but does no damage.
The shadow dragon simulacrum completely misses you.
The stone giant simulacrum hits you!!
* * * LOW HITPOINT WARNING * * *
The stone giant simulacrum freezes you! You resist.
* * * LOW HITPOINT WARNING * * *
Okay, then.
The +7 hand cannon "Mule" {flame, backblast, rF+} stops flaming.
a - a +5 broad axe (weapon)
You block the shadow wraith's attack. You block the death knight's attack.
You block Waoni's ghost's attack.
You block the shadow dragon simulacrum's attack.
The shadow dragon simulacrum completely misses you.
The shadow dragon simulacrum claws you but does no damage.
A red film seems to cover your vision as you go berserk!
You feel yourself moving faster!
You feel mighty!
The death knight hits you with a +4 great sword!
* * * LOW HITPOINT WARNING * * *
Waoni's ghost hits you!!
* * * LOW HITPOINT WARNING * * *
The shadow wraith hits you!
* * * LOW HITPOINT WARNING * * *
You block the stone giant simulacrum's attack.
You are too injured to fight recklessly!
You are too injured to fight recklessly!
You slice Waoni's ghost!!
You headbutt Waoni's ghost, but do no damage.
You slash the death knight! You slash the shadow wraith!
You slice the shadow dragon simulacrum!!
You hit the stone giant simulacrum but do no damage.
You block the shadow dragon simulacrum's attack. x2
The shadow dragon simulacrum claws you.
* * * LOW HITPOINT WARNING * * *
The shadow dragon simulacrum freezes you!
You resist.
* * * LOW HITPOINT WARNING * * *
Unknown command.
You slice Waoni's ghost!! You slash the death knight!
You slash the shadow wraith!
You hit the shadow dragon simulacrum but do no damage.
You slash the stone giant simulacrum!
The shadow wraith hits you but does no damage.
You block the death knight's attack.
Waoni's ghost says, "My insurmountable tactics guarantee your defeat."
You block Waoni's ghost's attack. The stone giant simulacrum hits you!
You die...

.......#........########..#....#.
..........................#'####.
###'##.........©.................
)....#...#############...........
>....#...#...)![)$..Z#...........
.....#...#...........#...........
.....#...#..##...##..#..######.##
######...#.Z#8.Z.8#..#.......#.#.
.........#..##.Z@##..#.......#.#.
....[....#.....WpW...#.......#.#.
.........#..##..Z##..#.......#.'.
.........#..#8...8#..#..#+####.#.
.........#..##...##..#.........##
.........#...........#...........
.........#..........©#...........
.........#############..########.
...............©...............#.


You could see a death knight, a shadow wraith (invisible), Waoni's ghost, a
shadow dragon simulacrum, a stone giant simulacrum and a spark wasp zombie.

Vanquished Creatures
  Jorgrun (D:15)
  Gastronok (D:12)
  Agnes (D:14)
  An orc warlord (Orc:1)
  The ghost of Ruojauj the Nimble, a journeyman MfGl of Uskayaw (Lair:3)
  Azrael (D:15)
  Josephine (D:15)
  2 hydras
  5 vault guards
  4 catoblepae
  2 ogre magi (Orc:1)
  4 centaur warriors
  4 boulder beetles
  14 two-headed ogres
  A death knight (D:13)
  13 death yaks
  3 thrashing horrors (Lair:5)
  An occultist (D:15)
  A storm dragon zombie (D:15)
  8 skeletal warriors (D:15)
  2 deep trolls (Orc:1)
  Lodul (D:10)
  A spark wasp zombie (D:15)
  An arcanist (D:13)
  A flayed ghost (D:15)
  A lindwurm (Lair:4)
  A phantasmal warrior (D:14)
  An orc knight (D:15)
  2 necromancers
  Pikel (D:5)
  Maurice (D:8)
  8 ugly things
  2 deep elf pyromancers
  2 oklob plants (Lair:1)
  3 manticores
  5 cyclopes
  A salamander (Lair:3)
  A meliai (shapeshifter) (Lair:5)
  5 elephants
  Joseph (D:7)
  6 black mambas
  7 kobold blastminers
  2 torpor snails (Lair:2)
  An ice statue (IceCv)
  Jeremiah (D:8)
  An unseen horror (D:12)
  3 rime drakes
  9 cane toads
  3 gargoyles
  An efreet (D:13)
  8 komodo dragons
  8 freezing wraiths
  Psyche (D:8)
  An anaconda simulacrum (IceCv)
  4 tengu conjurers (D:14)
  12 ice devils (IceCv)
  A troll (shapeshifter) (Lair:5)
  A polar bear (Lair:3)
  A queen bee (shapeshifter) (D:13)
  18 trolls
  3 hornets
  23 blink frogs
  A raiju (Lair:5)
  6 dream sheep (Lair:2)
  12 slime creatures
  Sigmund (D:2)
  A jumping spider (shapeshifter) (D:13)
  A shadow (D:9)
  A dire elephant simulacrum (IceCv)
  A spriggan (shapeshifter) (Lair:5)
  2 spriggans (Lair:5)
  5 wraiths
  4 ynoxinuls (Lair:5)
  4 wyverns
  Eustachio (D:6)
  42 yaks
  6 humans
  A human (shapeshifter) (D:15)
  7 basilisks
  A fire elemental (D:15)
  A warg (D:11)
  3 death yak simulacra (IceCv)
  2 steam dragons
  11 vampire mosquitoes
  A chaos spawn (Lair:5)
  9 small abominations (Lair:5)
  A harpy simulacrum (IceCv)
  2 acid dragons
  A water moccasin (shapeshifter) (D:15)
  16 water moccasins
  A hydra simulacrum (IceCv)
  Duvessa (D:7)
  4 hell hounds (D:15)
  2 ice beasts
  14 orc warriors
  A sky beast (D:6)
  2 laughing skulls (D:13)
  2 black bears
  4 wolves (Lair:5)
  29 ogres
  A tengu (shapeshifter) (D:13)
  8 centaurs
  A lemure (D:5)
  2 phantoms (D:5)
  12 bullfrogs
  3 scorpions
  2 gnoll sergeants
  A cane toad simulacrum (IceCv)
  5 wights (D:9)
  7 elephant simulacra (IceCv)
  6 killer bees
  Dowan (D:7)
  6 howler monkeys
  4 electric eels (Lair:4)
  2 bombardier beetles
  3 lava snakes (Lair:3)
  11 orc priests
  3 hounds
  10 jellies
  2 iguanas
  15 orc wizards
  6 polar bear simulacra (IceCv)
  A troll simulacrum (IceCv)
  3 wolf simulacra (IceCv)
  11 gnolls
  8 adders
  3 naga simulacra (IceCv)
  A shadow imp (D:5)
  3 white imps
  2 ufetubi
  2 ribbon worms
  3 dart slugs
  67 orcs
  12 endoplasms
  7 giant cockroaches
  15 goblins
  14 hobgoblins
  12 jackals
  6 quokkas
  A ball python (D:2)
  3 bats
  A frilled lizard (D:9)
  7 kobolds
  4 rats
726 creatures vanquished.

Vanquished Creatures (others)
  A human (D:13)
1 creature vanquished.

Grand Total: 727 creatures vanquished

Notes
Turn   | Place    | Note
-------+----------+-------------------------------------------
     0 | D:1      | Pooter the Minotaur Berserker began the quest for the Orb.
     0 | D:1      | Reached XP level 1. HP: 19/19 MP: 0/0
    52 | D:1      | Reached skill level 4 in Axes
    67 | D:1      | Reached XP level 2. HP: 23/27 MP: 1/1
   178 | D:1      | Found a faded altar of an unknown god.
   418 | D:1      | Reached XP level 3. HP: 33/33 MP: 2/2
   639 | D:2      | Reached ** piety under Trog
   664 | D:2      | Found Petzup's One-of-a-Kind Rings.
   682 | D:2      | Reached skill level 5 in Axes
   704 | D:2      | Noticed Sigmund
   713 | D:2      | Killed Sigmund
   714 | D:2      | Reached skill level 5 in Fighting
   714 | D:2      | Reached skill level 6 in Axes
   714 | D:2      | Reached XP level 4. HP: 42/42 MP: 3/3
   714 | D:2      | Reached XP level 5. HP: 48/48 MP: 4/4
   753 | D:2      | Found a basalt altar of Yredelemnul.
  1008 | D:2      | Identified the +0 robe "Yheojog" {rN+ Str+4 Int+2 Stlth-}
  1361 | D:3      | Identified the +5 dagger "Pooter's Foe" {flame, SInv
                  | Stlth+}
  1430 | D:3      | Reached XP level 6. HP: 56/56 MP: 5/5
  1911 | D:3      | Reached *** piety under Trog
  1918 | D:3      | Reached skill level 1 in Evocations
  2087 | D:4      | Reached skill level 7 in Axes
  2462 | D:4      | Found the Hermit's Pendant {Faith Invo=14 Evo=0 MP+5}
  2763 | D:4      | Found a shimmering blue altar of Sif Muna.
  2904 | D:5      | Entered Level 5 of the Dungeon
  2927 | D:5      | Reached XP level 7. HP: 61/63 MP: 6/6
  3007 | D:5      | Reached skill level 8 in Axes
  3186 | D:5      | Noticed a yak
  3245 | D:5      | Noticed Pikel
  3255 | D:5      | Killed Pikel
  3256 | D:5      | Reached skill level 9 in Axes
  3256 | D:5      | Reached XP level 8. HP: 17/71 MP: 7/7
  3454 | D:5      | Reached skill level 5 in Evocations
  3807 | D:6      | Noticed Eustachio
  3877 | D:6      | Reached skill level 10 in Axes
  3937 | D:6      | Found Qegu's Mass Market.
  3945 | D:6      | Bought a +0 tower shield for 58 gold pieces
  4034 | D:6      | Reached XP level 9. HP: 79/80 MP: 8/8
  4042 | D:6      | Reached skill level 1 in Shields
  4533 | D:6      | Found a radiant altar of Vehumet.
  4571 | D:6      | Killed Eustachio
  4571 | D:6      | Reached **** piety under Trog
  4614 | D:6      | Found a hazy altar of Hepliaklqana.
  4614 | D:6      | Found an iron altar of Okawaru.
  4828 | D:7      | Noticed Dowan
  4831 | D:7      | Noticed Duvessa
  4837 | D:7      | Killed Duvessa
  4838 | D:7      | Reached skill level 1 in Ranged Weapons
  4843 | D:7      | Killed Dowan
  4872 | D:7      | Reached skill level 11 in Axes
  4885 | D:7      | Found a stormy altar of Qazlal.
  4957 | D:7      | Found a blossoming altar of Fedhas.
  4958 | D:7      | Noticed Joseph
  4995 | D:7      | Killed Joseph
  5267 | D:7      | Found a staircase to the Ecumenical Temple.
  5316 | D:7      | Found a basalt altar of Yredelemnul.
  5316 | D:7      | Found a burning altar of Makhleb.
  5597 | D:8      | Identified the +1 chain mail "Titayger" {SInv}
  5671 | D:8      | Noticed Maurice
  5674 | D:8      | Maurice stole the +5 dagger "Pooter's Foe" {flame, SInv
                  | Stlth+}
  5678 | D:8      | Killed Maurice
  5679 | D:8      | Reached XP level 10. HP: 90/90 MP: 9/9
  5793 | D:8      | Noticed Jeremiah
  6001 | D:8      | Killed Jeremiah
  6002 | D:8      | Reached skill level 12 in Axes
  6007 | D:8      | Reached skill level 5 in Ranged Weapons
  6161 | D:8      | Found Meablad's General Store.
  6164 | D:8      | Bought a scroll of teleportation for 36 gold pieces
  6164 | D:8      | Bought a potion of curing for 36 gold pieces
  6164 | D:8      | Bought a wand of paralysis (3) for 86 gold pieces
  6164 | D:8      | Bought a potion of heal wounds for 60 gold pieces
  6395 | D:8      | Found a staircase to the Lair.
  6438 | D:8      | Noticed Psyche
  6443 | D:8      | Killed Psyche
  6499 | D:8      | Found an ancient bone altar of Kikubaaqudgha.
  6824 | D:8      | Found a sacrificial altar of Ru.
  7080 | D:9      | Reached skill level 5 in Shields
  7518 | D:9      | Reached skill level 13 in Axes
  8056 | D:10     | Entered Level 10 of the Dungeon
  8292 | D:10     | Noticed a boulder beetle
  8512 | D:10     | Killed a boulder beetle
  8513 | D:10     | Reached XP level 11. HP: 60/99 MP: 10/10
  8937 | D:10     | Noticed Lodul
  8942 | D:10     | Reached skill level 10 in Fighting
  8946 | D:10     | Killed Lodul
  9538 | Lair:1   | Entered Level 1 of the Lair of Beasts
  9945 | Lair:1   | Reached skill level 14 in Axes
 10289 | Lair:1   | Noticed a death yak
 10473 | Lair:1   | Noticed an oklob plant
 10473 | Lair:1   | Noticed an oklob plant
 10597 | Lair:1   | Noticed a death yak
 10598 | Lair:1   | Noticed a death yak
 10601 | Lair:1   | Noticed a death yak
 10642 | D:8      | Killed a death yak
 10877 | Lair:1   | Noticed a death yak
 10884 | D:8      | Killed a death yak
 10887 | D:8      | Killed a death yak
 10888 | D:8      | Reached XP level 12. HP: 108/108 MP: 11/11
 10947 | Lair:1   | Noticed a death yak
 10960 | D:8      | Killed a death yak
 10961 | D:8      | Reached skill level 15 in Axes
 10961 | D:8      | Reached skill level 10 in Ranged Weapons
 11107 | Lair:1   | Killed a death yak
 11194 | Lair:1   | Killed a death yak
 12160 | Lair:2   | Noticed a catoblepas
 12176 | Lair:2   | Killed a catoblepas
 12182 | Lair:2   | Reached skill level 1 in Stealth
 12229 | Lair:2   | Noticed a death yak
 12244 | Lair:2   | Killed a death yak
 12501 | Lair:2   | Reached skill level 16 in Axes
 12683 | Lair:2   | Noticed a death yak
 12770 | Lair:2   | Killed a death yak
 13327 | Lair:3   | Noticed a four-headed hydra
 13338 | Lair:3   | Killed a four-headed hydra
 13470 | Lair:3   | Reached XP level 13. HP: 117/117 MP: 12/12
 14235 | Lair:3   | Found a runed translucent door.
 14235 | Lair:3   | Noticed Ruojauj's ghost (journeyman MfGl)
 14284 | Lair:3   | Killed Ruojauj's ghost
 14584 | Lair:3   | Found a staircase to the Swamp.
 14789 | Lair:3   | Found a staircase to the Snake Pit.
 16338 | Lair:5   | Entered Level 5 of the Lair of Beasts
 16442 | Lair:5   | Reached skill level 17 in Axes
 16605 | Lair:5   | Found a viscous altar of Jiyva.
 16608 | Lair:5   | Found a staircase to the Slime Pits.
 16675 | Lair:5   | Reached skill level 10 in Shields
 17768 | Lair:5   | Reached XP level 14. HP: 127/127 MP: 13/13
 18873 | Lair:5   | Found a corrupted altar of Lugonu.
 18873 | Lair:5   | Found a one-way gate to the infinite horrors of the Abyss.
 19352 | D:11     | Reached skill level 5 in Stealth
 19403 | D:11     | Reached skill level 18 in Axes
 19787 | D:11     | Found a staircase to the Orcish Mines.
 20190 | D:11     | Found a shadowy altar of Dithmenos.
 20386 | Orc:1    | Entered Level 1 of the Orcish Mines
 20690 | Orc:2    | Entered Level 2 of the Orcish Mines
 20788 | Orc:2    | Found a burning altar of Makhleb.
 20793 | Orc:2    | Found a staircase to the Elven Halls.
 22011 | Orc:2    | Noticed an orc warlord
 22382 | Orc:1    | Killed an orc warlord
 22502 | Orc:2    | Found Nyuc's Magic Scroll Boutique.
 22516 | Orc:2    | Found Jergh's Distillery.
 22519 | Orc:2    | Bought 2 scrolls of identify for 68 gold pieces
 22519 | Orc:2    | Bought a scroll of enchant weapon for 127 gold pieces
 22519 | Orc:2    | Bought a scroll of teleportation for 51 gold pieces
 22522 | Orc:2    | Found Qohe's Armour Shop.
 22523 | Orc:2    | Found Hedu's Antique Armour Boutique.
 22525 | Orc:2    | Bought a potion of cancellation for 80 gold pieces
 22525 | Orc:2    | Bought 2 potions of might for 80 gold pieces
 22525 | Orc:2    | Bought a potion of heal wounds for 50 gold pieces
 22525 | Orc:2    | Bought a potion of haste for 100 gold pieces
 22525 | Orc:2    | Bought a potion of might for 40 gold pieces
 22525 | Orc:2    | Bought a potion of curing for 30 gold pieces
 22766 | Orc:2    | Reached XP level 15. HP: 123/139 MP: 14/14
 23392 | Orc:2    | Bought a runed plate armour for 1014 gold pieces
 23470 | D:12     | Found a frozen archway.
 23495 | IceCv    | Entered an ice cave
 23747 | IceCv    | Found an ancient bone altar of Kikubaaqudgha.
 24039 | IceCv    | Reached skill level 15 in Fighting
 24380 | D:12     | Noticed Gastronok
 24391 | D:12     | Killed Gastronok
 24473 | D:12     | Identified the +8 hand axe "Mamissoq" {speed, Str+2 Dex+2}
 24981 | D:12     | Upgraded the game from 0.31.0-10-gcf4a605ca0 to
                  | 0.31.0-11-ge490571c62
 26276 | D:13     | Reached ***** piety under Trog
 26377 | D:13     | Identified the +1 broad axe of Revolt {freeze, rC+}
 26380 | D:13     | Found a gate to the Vaults.
 26613 | D:14     | Noticed Waoni's ghost (journeyman OnBe)
 26681 | D:14     | Found Luaxkebbo's Magic Scroll Boutique.
 26755 | D:14     | Found a transporter.
 27401 | D:14     | Found a transporter.
 27502 | D:15     | Entered Level 15 of the Dungeon
 27536 | D:15     | Found a stormy altar of Qazlal.
 27606 | D:14     | Bought a scroll of acquirement for 624 gold pieces
 27606 | D:14     | Acquired the +7 hand cannon "Mule" {flame, backblast, rF+}
 27606 | D:14     | Found the +7 hand cannon "Mule" {flame, backblast, rF+}
 27740 | D:15     | Noticed Agnes
 27754 | D:14     | Killed Agnes
 28757 | D:14     | Received a gift from Trog
 29458 | D:15     | Noticed Azrael
 29468 | D:15     | Killed Azrael
 29469 | D:15     | Reached XP level 16. HP: 151/151 MP: 15/15
 29653 | D:15     | Found a staircase to the Depths.
 29780 | D:15     | Noticed Josephine
 29787 | D:15     | Killed Josephine
 29920 | D:15     | Noticed Jorgrun
 29929 | D:15     | Killed Jorgrun
 30415 | D:14     | HP: 1/226 [shadow dragon simulacrum (14)]
 30416 | D:14     | Demolished by a stone giant simulacrum

Illustrated notes

Levels and vault maps discovered:
D:1:      dpeg_arrival_rooms_b, layout_basic,
          hellmonk_ecumenical_altar_pennies_from_heaven
D:2:      minmay_wonky_spiral, layout_rooms, basic_altar,
          nicolae_shop_unique_rings, uniq_sigmund
D:3:      cheibrodos_greedy_goblins, layout_basic,
          corexii_item_surrounded_by_moat
D:4:      layout_rooms, old_standard_altar, minmay_misc_feat_tower,
          item_on_display_a
D:5:      kennysheep_big_flooded_room, layout_basic, hangedman_decor_lopped,
          chequers_serial_rivers_room_a, kennysheep_generic_room_4, uniq_pikel
D:6:      layout_cave_pools, marbit_many_paths,
          gammafunk_temple_overflow_statue, eino_curves_02, minivault_5,
          minmay_shop_mass, uniq_eustachio
D:7:      layout_basic, fedhas_altar_3, mainiacjoe_overflow_paths,
          gammafunk_temple_overflow_elements, minmay_temple_entry_trees,
          minivault_22, uniq_joseph, uniq_duvessa
D:8:      layout_loops_ring, mainiacjoe_overflow_alcove_1,
          mainiacjoe_overflow_small_starburst, lair_entry_dummy, serial_shops,
          nicolae_shop_tiny_real_fake_doors, uniq_psyche, uniq_maurice,
          uniq_jeremiah
D:9:      layout_long_grid, nicolae_nh_ransacked_shop
D:10:     layout_roguey, uniq_lodul
D:11:     layout_long_grid, erik_orc_3, grunt_dithmenos_smoke
D:12:     layout_loops_ring, serial_ice, serial_ice_g, serial_ice_o,
          serial_ice_d, serial_ice_e, portal_ice_cave_entry_pillars_2,
          uniq_gastronok
D:13:     layout_roguey, ximxim_vaults_locker_room, st_stairs_10
D:14:     layout_irregular_city, serial_shops, shop, gammafunk_ghost_mausoleum,
          chequers_serial_rivers_large_b
D:15:     gammafunk_depths_entry_grave, layout_cave_pools,
          nicolae_qazlal_eye_of_the_storm, uniq_jorgrun, uniq_agnes,
          uniq_josephine, uniq_azrael
Lair:1:   dpeg_oklob_gauntlet, layout_misc_corridors, lemuel_fruit_fields
Lair:2:   layout_regular_city
Lair:3:   layout_layer_cave, swamp_mist, nicolae_snake_entry_warm_welcome,
          ebering_ghost_reflecting_pool, lemuel_fruit_fields, grunt_megastairs_1
Lair:4:   layout_gridlike, serial_bayou_shore_a, grunt_megastairs_2,
          infiniplex_staircase_pool
Lair:5:   hellmonk_lair_end_abyssal_woods, layout_regular_city,
          nicolae_slime_entry_field_trip, grunt_forest_large_clearings,
          grunt_megastairs_3
Orc:1:    layout_caves, basic_altar, serial_shops
Orc:2:    st_orc_open, layout_caves, basic_altar

Skill      XL: |  1  2  3  4  5  6  7  8  9 10 11 12 13 14 15 16 |
---------------+-------------------------------------------------+-----
Axes           | 4 6 7 9 10 11 13 14 16 17 18 | 18.7
Fighting       | 4 5 6 7 8 9 10 11 12 14 16 | 16.2
Evocations     | 2 4 5 |  5.9
Shields        | 4 5 7 9 10 12 14 | 14.3
Ranged Weapons | 4 7 9 11 13 14 | 14.8
Stealth        | 2 4 7 8 9 |  9.2
Armour         | |  2.4
Dodging        | |  2.1

Action                     |  1- 3 |  4- 6 |  7- 9 | 10-12 | 13-15 | 16-18 || total
---------------------------+-------+-------+-------+-------+-------+-------++-------
  Melee: Hand axe          |    76 |       |       |       |       |       ||    76
         Headbutt          |    13 |    18 |    28 |    99 |   292 |    21 ||   471
         Broad axe         |       |   109 |   152 |   419 |  1160 |    62 ||  1902
         Flail             |       |     9 |       |     5 |       |       ||    14
         Punch             |       |       |     1 |       |       |       ||     1
         Trident           |       |       |       |       |     8 |       ||     8
   Fire: Sling             |       |       |     5 |    20 |    27 |       ||    52
         Hand cannon       |       |       |       |       |    37 |    54 ||    91
  Throw: Boomerang         |     1 |       |     2 |    18 |    45 |       ||    66
         Dart              |       |       |     2 |       |    41 |       ||    43
 Invoke: Trog's Hand       |     1 |     2 |     4 |    13 |    38 |     4 ||    62
         Berserk           |     1 |     1 |     2 |    11 |    27 |     3 ||    45
  Evoke: Wand              |       |       |     4 |     6 |    24 |       ||    34
         Lightning rod     |       |       |       |       |     2 |       ||     2
    Use: Scroll            |       |     7 |    12 |     6 |    10 |       ||    35
         Potion            |       |       |       |     2 |     2 |     2 ||     6
   Stab: Paralysed         |       |       |     5 |     3 |     6 |       ||    14
         Invisible         |       |       |       |       |     3 |       ||     3
         Petrified         |       |       |       |       |     3 |       ||     3
         Distracted        |       |       |       |       |     2 |       ||     2
         Sleeping          |       |       |       |       |     3 |       ||     3
 Armour: Ring mail         |    47 |    80 |     9 |   161 |   254 |       ||   551
         Chain mail        |       |       |   131 |   131 |   354 |    47 ||   663
         Crystal plate arm |       |       |       |       |    61 |       ||    61
         Plate armour      |       |       |       |       |    24 |       ||    24
  Dodge: Dodged            |    58 |    55 |    59 |    84 |   213 |     6 ||   475
  Block: Tower shield      |       |       |    44 |   268 |  1029 |    76 ||  1417
         Buckler           |       |       |     6 |       |       |       ||     6
